 Dungeon Crawl Stone Soup version 0.31-a0-229-g1fc7ce93e2 (webtiles) character file.

Game seed: 15191503922512158074

36 qw the Shooter (level 3, -8/21 HPs)
             Began as a Gargoyle Hexslinger on July 6, 2023.
             Mangled by a worm (9 damage)
             ... on level 2 of the Dungeon.
             The game lasted 00:00:26 (711 turns).

qw the Shooter (Gargoyle Hexslinger)                 Turns: 711, Time: 00:00:26

Health: -8/21      AC:  8    Str:  8 (11) XL:     3   Next: 37%
Magic:  4/4        EV: 10    Int: 12 (13) God:
Gold:   53         SH:  0    Dex: 13 (14) Spells: 3/4 levels left

rFire   . . .        Y - +1 sling
rCold   . . .        (no shield)
rNeg    + . .        i - +0 ring mail
rPois   inf          (no helmet)
rElec   +            (no cloak)
rCorr   .            (no gloves)
SInv    .            (no boots)
Will    .....        (no amulet)
Stlth   +            (no ring)
HPRegen 0.23/turn    (no ring)
MPRegen 0.09/turn

%: no passive effects
@: no status effects
A: sickness immunity, AC +3, negative energy resistance 1, electricity
resistance, torment resistance 1, petrification resistance
a: no special abilities


You were on level 2 of the Dungeon.
You visited 1 branch of the dungeon, and saw 2 of its levels.

You collected 53 gold pieces.


Innate Abilities, Weirdness & Mutations

You are immune to sickness and miasma.
Your stone body is resilient. (AC +3)
You are immune to poison.
You resist negative energy. (rN+)
You are resistant to electric shocks. (rElec)
You are resistant to unholy torment.
You are immune to petrification.


   Skills:
 - Level 2.0 Fighting
 + Level 3.3 Ranged Weapons
 - Level 1.5 Dodging
 - Level 1.0 Spellcasting
 - Level 2.6 Hexes


You had 3 spell levels left.
You knew the following spells:

 Your Spells              Type           Power      Damage    Failure   Level
a - Slow                  Hex            28%        N/A       30%         1

Your spell library contained the following spells:

 Spells                   Type           Power      Damage    Failure   Level
 Inner Flame              Hex/Fire       3%         N/A       85%         3
 Portal Projectile        Hex/Tloc       6%         N/A       85%         3
 Cause Fear               Hex            3%         N/A       97%         4

Inventory:

Hand Weapons
 Y - a +1 sling (weapon)
Armour
 i - a +0 ring mail (worn)
Scrolls
 a - a scroll of identify
 b - a scroll of enchant weapon {unknown}
 d - a scroll of immolation {unknown}
Potions
 c - a potion of attraction {unknown}
 f - 2 potions of curing
 g - a potion of heal wounds {unknown}

Dungeon Overview and Level Annotations

Branches:
Dungeon (2/15)

Altars:


Message History

You shoot a sling bullet.
The sling bullet barely misses the worm.
The worm bites you but does no damage.
You shoot a sling bullet. The sling bullet hits the worm.
The worm is moderately wounded.
A ball python comes into view.
The worm bites you!
You shoot a sling bullet. The sling bullet hits the worm.
The worm is moderately wounded.
You shoot a sling bullet. The sling bullet hits the worm.
The worm is severely wounded.
The worm closely misses you.
You shoot a sling bullet. The sling bullet hits the worm.
The worm is severely wounded.
The worm bites you.
You shoot a sling bullet.
The sling bullet barely misses the worm.
A hobgoblin comes into view.
The ball python barely misses you. The ball python grabs you.
The ball python constricts you. The worm barely misses you.
The hobgoblin moves out of view.
You shoot a sling bullet. The sling bullet hits the ball python!
You kill the ball python!
The worm bites you but does no damage.
You shoot a sling bullet.
The sling bullet barely misses the worm.
The worm closely misses you.
You shoot a sling bullet.
The sling bullet barely misses the worm.
The worm bites you.
You shoot a sling bullet. The sling bullet hits the worm.
The worm is severely wounded.
You shoot a sling bullet.
The sling bullet hits the worm but does no damage.
The worm is severely wounded.
The hobgoblin hits you. The worm bites you. The hobgoblin barely misses you.
You shoot a sling bullet.
The sling bullet completely misses the worm.
The hobgoblin misses you. The worm bites you!
You die...

.. .# #.#.# ## .. .#
....## . .# #. #.##
#....###... .... ...
#.<#........ .#. #.. #.
##...##..# #.... .. ...
#.......####.#.#.# ..##
##.##+##.##.....gw#)..[#
[..# #.##.# #@).%$?..
##.# #....# #.#..)=..
#.# #.#..####.##...$#
#.##+##%#....##..##..##
#.........##........##
#####....######...#....
###### ##### ###


You could see a worm and a hobgoblin.

Vanquished Creatures
  7 ball pythons
  4 endoplasms
  2 giant cockroaches
  5 hobgoblins (D:1)
  A quokka (D:1)
  8 bats (D:1)
  A frilled lizard (D:1)
  A goblin (D:1)
  4 kobolds
  A rat (D:2)
34 creatures vanquished.

Notes
Turn   | Place    | Note
-------+----------+-------------------------------------------
     0 | D:1      | qw the Gargoyle Hexslinger began the quest for the Orb.
     0 | D:1      | Reached XP level 1. HP: 12/12 MP: 2/2
     0 | D:1      | 0 ||| qw: Version: 0.3-a-46-gb1f654a
     0 | D:1      | 0 ||| qw: Game counter: 1666
     0 | D:1      | 0 ||| qw: Melee chars always use a shield: true
     0 | D:1      | 0 ||| qw: God list: Okawaru
     0 | D:1      | 0 ||| qw: Allow faded altars: false
     0 | D:1      | 0 ||| qw: Do Orc after clearing Dungeon:15 true
     0 | D:1      | 0 ||| qw: Do second Lair branch before Depths: true
     0 | D:1      | 0 ||| qw: Lair rune preference: random
     0 | D:1      | 0 ||| qw: Goals: Normal
     0 | D:1      | 0 ||| PLANNING D:1-11
    69 | D:1      | Reached XP level 2. HP: 16/16 MP: 3/3
   104 | D:1      | Reached skill level 3 in Ranged Weapons
   345 | D:1      | Reached XP level 3. HP: 21/21 MP: 4/4
   444 | D:1      | 444 ||| UPGRADING to +0 ring mail.
   468 | D:1      | 468 ||| DROPPING +0 robe.
   470 | D:1      | Found a faded altar of an unknown god.
   554 | D:1      | 554 ||| READING 2 scrolls labelled OHOMMUTOSOG.
   555 | D:1      | 555 ||| READING scroll labelled GYOSTR WUMAGUN.
   556 | D:1      | 556 ||| READING scroll labelled XUCHOR RO TADE.
   557 | D:1      | 557 ||| DRINKING 2 red potions.
   558 | D:1      | 558 ||| DRINKING 3 pink potions.
   559 | D:1      | 559 ||| DROPPING scroll of poison.
   560 | D:1      | 560 ||| DROPPING potion of degeneration.
   611 | D:2      | 611 ||| STAIRDANCE
   696 | D:2      | 696 ||| FLEEEEING.
   710 | D:2      | HP: 1/21 [worm (5)]
   711 | D:2      | Mangled by a worm

Levels and vault maps discovered:
D:1:      dpeg_arrival_yet_another_circle, layout_basic,
          shapermc_ecumenical_altar_notcrosses, minmay_statues_item,
          minmay_stone_trees_small
D:2:      layout_loops_ring, minmay_misc_feat_room, st_stairs_6,
          minmay_pentomino_w4

Skill      XL: |  1  2  3 |
---------------+----------+-----
Ranged Weapons | 3 |  3.3
Fighting       | 2 |  2.0
Dodging        | |  1.5
Spellcasting   | |  1.0
Hexes          | |  2.6

Action                     || total
---------------------------++-------
   Fire: Sling             ||   107
    Use: Scroll            ||     3
         Potion            ||     2
 Armour: Robe              ||     9
         Ring mail         ||    20
  Dodge: Dodged            ||    49

Table legend:
 A = Non-vault XP
 B = Vault XP
 C = Vault XP percentage of total XP
 D = Non-vault monster count
 E = Vault monster count
 F = Vault count percentage of total count
                 A         B        C        D         E       F
            +---------+---------+-------+---------+---------+-------
      Total |      44 |       8 |  15.4 |      29 |       5 |  14.7
            +---------+---------+-------+---------+---------+-------
        D:1 |      40 |       0 |   0.0 |      26 |       0 |   0.0
        D:2 |       4 |       8 |  66.7 |       3 |       5 |  62.5
            +---------+---------+-------+---------+---------+-------
